 Dungeon Crawl Stone Soup version 0.23-a0-391-g8c51ad5 (webtiles) character file.

17302 emperorscorpion the Grappler (level 12, -19/114 HPs)
             Began as a Troll Berserker on Oct 28, 2018.
             Was a High Priest of Trog.
             Demolished by a skeletal warrior
             ... wielding a +0 glaive
             ... led by a skeletal warrior
              (24 damage)
             ... on level 14 of the Dungeon on Oct 30, 2018.
             The game lasted 00:15:45 (4960 turns).

emperorscorpion the Grappler (Troll Berserker)      Turns: 4960, Time: 00:15:46

Health: -19/114    AC:  7    Str: 32    XL:     12   Next: 17%
Magic:  20/20      EV: 11    Int:  3    God:    Trog [*****.]
Gold:   614        SH: 10    Dex:  9    Spells: 11/11 levels left

rFire    + . .     SeeInvis .     - Unarmed
rCold    + . .     Gourm    +   K - +0 shield
rNeg     . . .     Faith    .   L - +0 troll leather armour
rPois    .         Spirit   .   (helmet restricted)
rElec    .         Reflect  .   r - scarf {rC+ rF+}
rCorr    .         Harm     .   (gloves unavailable)
MR       .....                  (boots unavailable)
Stlth    +.........             h - amulet of the acrobat
HPRegen  1.09/turn              (no ring)
MPRegen  0.17/turn              k - ring of magical power

@: no status effects
A: large, unfitting armour, claws 3, fast metabolism 3, gourmand, regeneration
1, shaggy fur 1, tough skin 2
a: Berserk, Trog's Hand, Brothers in Arms, Renounce Religion


You were on level 14 of the Dungeon.
You worshipped Trog.
Trog was extremely pleased with you.
You were very full.

You visited 1 branch of the dungeon, and saw 14 of its levels.
You also visited: Sewer.

You collected 614 gold pieces.

Inventory:

Hand Weapons
 N - a +1 blowgun
Missiles
 c - 70 poisoned needles
 z - 7 tomahawks (quivered)
 V - 3 javelins
Armour
 a - a +0 animal skin
 r - a scarf of resistance (worn)
 x - a +1 robe of positive energy
 y - the +1 robe "Dorghuf" {rPois}
   (You found it on level 5 of the Dungeon)

   It protects you from poison.
 K - a +0 shield (worn)
 L - a +0 troll leather armour (worn)
Magical Staves
 P - an uncursed staff of earth {unknown}
Jewellery
 h - an amulet of the acrobat (around neck)
 j - an uncursed ring of fire
 k - a ring of magical power (right claw)
 T - a cursed amulet of inaccuracy {unknown}
Wands
 i - a wand of polymorph (2)
 A - a wand of flame (18)
 H - a wand of paralysis (5)
 M - a wand of iceblast (12)
 R - a wand of digging (4)
Scrolls
 d - 3 scrolls of enchant weapon
 e - 3 scrolls of fog {unknown}
 m - 7 scrolls of teleportation {unknown}
 o - a scroll of amnesia {unknown}
 p - a scroll of noise {unknown}
 s - 4 scrolls of identify {unknown}
 v - 4 scrolls of magic mapping {unknown}
 w - 2 scrolls of remove curse {unknown}
 F - a scroll of immolation {unknown}
 I - a scroll of acquirement {unknown}
 O - a scroll of summoning {unknown}
 U - a scroll of fear {unknown}
Potions
 f - 3 potions of haste {unknown}
 g - 4 potions of curing
 l - a potion of ambrosia {unknown}
 n - 2 potions of degeneration {unknown}
 q - 3 potions of magic {unknown}
 t - a potion of flight {unknown}
 u - 2 potions of heal wounds {unknown}
 B - 2 potions of mutation {unknown}
 C - 2 potions of brilliance {unknown}
 D - a potion of might {unknown}
 E - a potion of berserk rage {unknown}
 J - a potion of invisibility {unknown}
 S - a potion of lignification {unknown}
Comestibles
 b - 17 rations
 Q - 4 chunks of flesh


   Skills:
 + Level 6.0 Fighting
 + Level 1.3 Throwing
 + Level 3.5 Armour
 + Level 8.0 Dodging
 + Level 1.3 Stealth
 + Level 3.4 Shields
 + Level 14.8 Unarmed Combat


You had 11 spell levels left.
You didn't know any spells.
Your spell library was empty.

Dungeon Overview and Level Annotations

Branches:
Dungeon (14/15)              Lair (0/6) D:10
 Temple: D:4-7          Orc: D:9-12      Vaults: D:13-14

Altars:
Dithmenos
Gozag
Wu Jian

Shops:
D:8 (   D:13 }   D:14 (


Innate Abilities, Weirdness & Mutations

You are too large for most types of armour.
You have claws for hands.
Your metabolism is lightning-fast.
You like to eat raw meat.
Your natural rate of healing is unusually fast.
You are covered in fur. (AC +1)
You have very tough skin. (AC +2)


Message History

Something closely misses you. Something hits you!
* * * LOW HITPOINT WARNING * * *
Something barely misses you. Something hits you!
* * * LOW HITPOINT WARNING * * *
Something misses you. Something hits you!
* * * LOW HITPOINT WARNING * * *
Something hits you.
* * * LOW HITPOINT WARNING * * *
It was a potion of curing.
You feel better. Something hits you.
* * * LOW HITPOINT WARNING * * *
You block something's attack. Something hits you!
* * * LOW HITPOINT WARNING * * *
Something misses you.
There is a stone staircase leading up here.
Something hits you.
* * * LOW HITPOINT WARNING * * *
The skeletal warrior hits you from afar with a +0 glaive!!
You die...

#......# #......#
#......# #####
#.....z####### #...#
#.##.........# #...#
#.....z......# #....
#.....z.####.# #....
#.......# #.# ###'##
#.....@.# #.# #.<...
#.......####.# #†##..
#...#........#####.##..
#...#..######†.........
#......# #..........
#......# #..........
#...)..# #..........
#......# #......##..
#......# ######..#..


You could see 3 skeletal warriors.

Vanquished Creatures
  Erica (D:13)
  3 centaur warriors
  2 death yaks (D:10)
  A skeletal warrior (D:14)
  The ghost of Nico3ck the Cleaver, a novice DsFi of Okawaru (D:7)
  Pikel (D:4)
  4 ugly things
  2 gargoyles
  2 centaur skeletons
  2 trolls (D:10)
  A blink frog (shapeshifter) (D:14)
  2 hippogriffs
  11 yaks
  A wyvern (D:11)
  A steam dragon (D:11)
  3 hungry ghosts
  4 vampire mosquitoes (D:14)
  A water moccasin (D:5)
  2 orc warriors
  2 ice beasts
  3 sky beasts
  A slave (D:4)
  2 black bears (D:9)
  A necrophage (D:10)
  2 phantoms
  An eye of draining (D:11)
  5 ogres
  7 centaurs
  Blork the orc (D:4)
  4 big kobolds
  8 bullfrogs
  A wyvern skeleton (D:8)
  2 scorpions
  2 howler monkeys
  4 crimson imps
  2 centaur zombies
  3 hounds
  A bullfrog zombie (D:11)
  3 jellies
  A gnoll shaman (D:5)
  6 orc priests
  5 orc wizards
  7 worker ants
  2 killer bee zombies (D:10)
  A worker ant zombie (D:11)
  10 adders
  9 gnolls
  A river rat (Sewer)
  3 shadow imps
  4 oozes
  4 worms
  An adder skeleton (D:6)
  An adder zombie (D:6)
  A dart slug (D:4)
  3 leopard geckos
  19 orcs
  A ball python (Sewer)
  A giant cockroach (D:7)
  A goblin (D:1)
  2 hobgoblins
  5 jackals
  3 quokkas
  6 kobolds
  A quokka zombie (D:5)
  5 rats
203 creatures vanquished.

Vanquished Creatures (collateral kills)
  3 death yaks (D:10)
  A yak (D:10)
4 creatures vanquished.

Vanquished Creatures (others)
  A quokka (D:2)
1 creature vanquished.

Grand Total: 208 creatures vanquished

Notes
Turn   | Place    | Note
-------+----------+-------------------------------------------
     0 | D:1      | emperorscorpion the Troll Berserker began the quest for the
                  | Orb.
     0 | D:1      | Reached XP level 1. HP: 22/22 MP: 0/0
   109 | D:2      | Reached XP level 2. HP: 28/29 MP: 1/1
   157 | D:3      | Found a shadowy altar of Dithmenos.
   291 | D:4      | Reached XP level 3. HP: 36/36 MP: 2/2
   318 | D:4      | Noticed a slave
   321 | D:4      | Noticed Pikel
   335 | D:4      | Noticed a slave
   336 | D:4      | Killed a slave
   342 | D:4      | Killed Pikel
   342 | D:4      | Reached skill level 5 in Unarmed Combat
   342 | D:4      | Reached XP level 4. HP: 48/48 MP: 3/3
   342 | D:4      | Reached XP level 5. HP: 54/54 MP: 4/4
   342 | D:4      | Reached XP level 6. HP: 62/62 MP: 5/5
   366 | D:4      | Noticed a freed slave
   440 | D:4      | Found an ornate altar of the Wu Jian Council.
   506 | D:4      | Noticed Blork the orc
   513 | D:4      | Killed Blork the orc
   513 | D:4      | Reached skill level 6 in Unarmed Combat
   513 | D:4      | Reached XP level 7. HP: 70/70 MP: 6/6
   662 | D:4      | Found a glowing drain.
   691 | Sewer    | Entered a sewer
   700 | Sewer    | Reached ** piety under Trog
   790 | Sewer    | Reached skill level 7 in Unarmed Combat
  1051 | Sewer    | Reached XP level 8. HP: 78/78 MP: 7/7
  1431 | D:5      | Entered Level 5 of the Dungeon
  1645 | D:5      | Reached skill level 8 in Unarmed Combat
  1668 | D:5      | Got a creamy pearl robe
  1679 | D:5      | Identified the +1 robe "Dorghuf" {rPois} (You found it on
                  | level 5 of the Dungeon)
  1707 | D:5      | Reached skill level 5 in Dodging
  1780 | D:6      | Reached *** piety under Trog
  1859 | D:6      | Reached skill level 9 in Unarmed Combat
  2108 | D:7      | Noticed a green ugly thing
  2123 | D:7      | Noticed Nico3ck's ghost (novice DsFi)
  2129 | D:7      | Found a runed gate.
  2129 | D:7      | Found a runed gate.
  2129 | D:7      | Found a runed gate.
  2148 | D:7      | Reached XP level 9. HP: 85/85 MP: 8/8
  2155 | D:7      | Killed Nico3ck's ghost
  2155 | D:7      | Reached skill level 10 in Unarmed Combat
  2166 | D:7      | Killed a green ugly thing
  2272 | D:7      | Upgraded the game from 0.23-a0-386-g9c9d49f to
                  | 0.23-a0-389-g4a5eb33
  2483 | D:8      | Found an opulent altar of Gozag.
  2486 | D:8      | Reached skill level 5 in Fighting
  2486 | D:8      | Reached skill level 11 in Unarmed Combat
  2543 | D:8      | Found Imehor's Weapon Boutique.
  2647 | D:9      | Reached **** piety under Trog
  2689 | D:9      | Reached XP level 10. HP: 77/96 MP: 9/9
  2850 | D:9      | Reached skill level 1 in Stealth
  2870 | D:10     | Entered Level 10 of the Dungeon
  3358 | D:10     | Reached skill level 12 in Unarmed Combat
  3372 | D:10     | Reached skill level 1 in Shields
  3434 | D:10     | Noticed a death yak
  3435 | D:10     | Reached ***** piety under Trog
  3436 | D:10     | Noticed a death yak
  3436 | D:10     | Noticed a death yak
  3437 | D:10     | Noticed a centaur warrior
  3440 | D:10     | Noticed a death yak
  3449 | D:10     | Killed a death yak
  3449 | D:10     | Reached skill level 1 in Armour
  3449 | D:10     | Noticed a death yak
  3452 | D:10     | Killed a centaur warrior
  3452 | D:10     | Reached skill level 13 in Unarmed Combat
  3468 | D:10     | HP: 2/96 [death yak (24)]
  3469 | D:10     | Killed a death yak
  3469 | D:10     | Reached XP level 11. HP: 4/104 MP: 10/10
  3472 | D:10     | Killed a death yak
  3477 | D:10     | Killed a death yak
  3616 | D:10     | Found a staircase to the Lair.
  3636 | D:10     | Killed a death yak
  3797 | D:10     | Received a gift from Trog
  4129 | D:11     | Noticed Erica
  4185 | D:12     | Upgraded the game from 0.23-a0-389-g4a5eb33 to
                  | 0.23-a0-391-g8c51ad5
  4258 | D:12     | Reached skill level 1 in Throwing
  4315 | D:13     | Noticed a centaur warrior
  4335 | D:13     | Killed a centaur warrior
  4335 | D:13     | Reached skill level 14 in Unarmed Combat
  4352 | D:13     | Killed Erica
  4395 | D:13     | Found Tulihepi's Gadget Shop.
  4510 | D:13     | Received a gift from Trog
  4603 | D:14     | Found Gef Car's Weapon Boutique.
  4761 | D:14     | Noticed a centaur warrior
  4767 | D:14     | Killed a centaur warrior
  4767 | D:14     | Reached XP level 12. HP: 113/113 MP: 11/11
  4955 | D:14     | HP: 5/114 [something (5)]
  4960 | D:14     | HP: 5/114 [something (6)]
  4960 | D:14     | Demolished by a skeletal warrior

Vault maps used:
D:1:      lightli_molten_gateway, fountainhead, minmay_misc_feat_encased,
          minmay_misc_feat_nine_boxes, serial_bayou_pond_a
D:2:      grunt_qazlal_clouds, minivault_25, fedhas_altar_fruit_tree,
          uniq_natasha, uniq_sigmund
D:3:      grunt_dithmenos_smoke_and_mirrors, nicolae_ru_awakened_eye,
          first_ration
D:4:      nicolae_overflow_crystal_walls, gup_sewer_entry_glass,
          corexii_hall_statues_t, uniq_blork_the_orc, uniq_pikel
D:5:      temple_hall_moat, minmay_misc_feat_more_columns
D:6:      tso_altar, minmay_misc_feat_diagonals, uniq_crazy_yiuf_cottage
D:7:      gammafunk_ghost_split, serial_shops, shop, grunt_ogre_cave,
          uniq_harold
D:8:      overflow_temple_1_default, serial_shops, shop,
          nicolae_shop_statue_plus, grunt_gozag_breadcrumbs
D:9:      minmay_opposing_rooms, ebering_ghost_reflecting_pool
D:10:     dpeg_lair_monsters
D:11:     orc_0_dummy, uniq_josephine, uniq_erica
D:12:     enter_bailey_2, uniq_gastronok, uniq_rupert
D:13:     serial_shops, nicolae_shop_crystal
D:14:     erik_vaults_1, infiniplex_staircase_zigzag_2, serial_shops, shop
Sewer:    sewer_co_15_rooms

Skill      XL: |  1  2  3  4  5  6  7  8  9 10 11 12 |
---------------+-------------------------------------+-----
Fighting       | 3 4 5 6 |  6.0
Dodging        | 3 4 5 6 7 8 |  8.0
Unarmed Combat | 5 6 7 9 11 13 14 | 14.8
Stealth        | 1 |  1.3
Shields        | 1 3 |  3.4
Armour         | 1 3 |  3.5
Throwing       | 1 |  1.3

Action                   |  1- 3 |  4- 6 |  7- 9 | 10-12 || total
-------------------------+-------+-------+-------+-------++-------
Melee: Unarmed           |    66 |     6 |   291 |   300 ||   663
       Punch             |     1 |       |    11 |       ||    12
Throw: Large rock        |       |       |       |    11 ||    11
Invok: Berserk           |     1 |     1 |     5 |    10 ||    17
       Brothers in Arms  |       |       |       |     2 ||     2
       Trog's Hand       |       |       |       |     1 ||     1
  Use: Scroll            |       |       |       |     1 ||     1
       Potion            |       |       |       |     1 ||     1
  Eat: Chunk             |     8 |     3 |    26 |    40 ||    77
Armor: Animal skin       |    15 |       |    19 |       ||    34
       Robe              |       |       |    51 |     7 ||    58
       Troll leather arm |       |       |       |    61 ||    61
Dodge: Dodged            |    24 |     1 |   177 |   151 ||   353
Block: Shield            |       |       |       |   116 ||   116

Table legend:
 A = Non-vault XP
 B = Vault XP
 C = Vault XP percentage of total XP
 D = Non-vault monster count
 E = Vault monster count
 F = Vault count percentage of total count
                 A         B        C        D         E       F
            +---------+---------+-------+---------+---------+-------
      Total |   17517 |    7201 |  29.1 |     167 |      39 |  18.9
            +---------+---------+-------+---------+---------+-------
        D:1 |       4 |       0 |   0.0 |       2 |       0 |   0.0
        D:2 |      14 |       0 |   0.0 |       5 |       0 |   0.0
        D:3 |      18 |       0 |   0.0 |       5 |       0 |   0.0
        D:4 |     224 |     755 |  77.1 |       8 |       4 |  33.3
        D:5 |     519 |       0 |   0.0 |      15 |       0 |   0.0
        D:6 |     379 |       0 |   0.0 |      14 |       0 |   0.0
        D:7 |     841 |    1576 |  65.2 |      15 |       4 |  21.1
        D:8 |     564 |       0 |   0.0 |       8 |       0 |   0.0
        D:9 |    1042 |       0 |   0.0 |      19 |       0 |   0.0
       D:10 |    4460 |    3545 |  44.3 |      32 |       7 |  17.9
       D:11 |    1729 |       0 |   0.0 |      12 |       0 |   0.0
       D:12 |    1102 |       0 |   0.0 |      11 |       0 |   0.0
       D:13 |    1634 |     907 |  35.7 |       7 |       1 |  12.5
       D:14 |    4987 |       0 |   0.0 |      14 |       0 |   0.0
      Sewer |       0 |     418 | 100.0 |       0 |      23 | 100.0
            +---------+---------+-------+---------+---------+-------
